 Dungeon Crawl Stone Soup version 0.29-a0-1027-gcd8c55af63 (webtiles) character file.

Game seed: 14159548254822507942

72 Plasmagod the Chopper (level 4, -2/39 HPs)
             Began as a Minotaur Fighter on Aug 13, 2022.
             Killed by nerve-wracking pain
             ... invoked by an orc priest
              (8 damage)
             ... on level 3 of the Dungeon.
             The game lasted 00:03:21 (1824 turns).

Plasmagod the Chopper (Minotaur Fighter)            Turns: 1824, Time: 00:03:22

Health: -2/39      AC:  6    Str: 23    XL:     4   Next: 7%
Magic:  3/3        EV:  9    Int:  5    God:
Gold:   89         SH:  4    Dex:  9    Spells: 3/3 levels left

rFire   . . .      SeeInvis .   n - +6 mace of Distraction {pain, rCorr}
rCold   . . .      Faith    .   c - +0 buckler
rNeg    . . .      Spirit   .   b - +0 scale mail
rPois   .          Reflect  .   (helmet restricted)
rElec   .          Harm     .   r - scarf {repulsion}
rCorr   +          Rampage  .   (no gloves)
Will    .....                   (no boots)
Stlth   ..........              (no amulet)
HPRegen 0.13/turn               (no ring)
MPRegen 0.08/turn               (no ring)

@: repel missiles
A: horns 2, retaliatory headbutt
a: no special abilities


You were on level 3 of the Dungeon.
You visited 1 branch of the dungeon, and saw 3 of its levels.

You collected 89 gold pieces.

Inventory:

Hand Weapons
 a - a +0 war axe
 n - the +6 mace of Distraction (weapon) {pain, rCorr}
   (You found it on level 2 of the Dungeon)

   In the hands of one skilled in necromantic magic, it inflicts extra damage on
   living creatures.
   rCorr:     It protects you from acid and corrosion.
Armour
 b - a +0 scale mail (worn)
 c - a +0 buckler (worn)
 r - a scarf of repulsion (worn)
Jewellery
 k - a ring of wizardry
Scrolls
 e - 2 scrolls of butterflies {unknown}
 f - 2 scrolls of enchant armour {unknown}
 g - 3 scrolls of blinking {unknown}
 j - a scroll of torment {unknown}
 p - a scroll of silence {unknown}
 q - a scroll of summoning {unknown}
 s - 2 scrolls of teleportation {unknown}
 u - a scroll of brand weapon {unknown}
Potions
 d - 2 potions of might
 h - 2 potions of haste {unknown}
 i - a potion of flight {unknown}
 l - a potion of berserk rage {unknown}
 m - 2 potions of attraction {unknown}
 o - a potion of degeneration {unknown}
 t - a potion of heal wounds {unknown}


   Skills:
 - Level 3.6 Fighting
 - Level 4.1(4.6) Axes
 * Level 3.1(4.1) Maces & Flails
 - Level 3.6 Armour
 - Level 3.6 Shields


You had 3 spell levels left.
You didn't know any spells.
Your spell library was empty.

Dungeon Overview and Level Annotations

Branches:
Dungeon (3/15)

Altars:

Shops:
D:3 !


Innate Abilities, Weirdness & Mutations

You have a pair of horns on your head.
You reflexively headbutt those who attack you in melee.


Message History

An orc comes into view. It is wielding a +0 hand axe.
An orc priest comes into view. It is wielding a +0 whip.
Found a scroll labelled CYPPAUJ FUSE.
Found a ring mail.
You see here a scroll labelled CYPPAUJ FUSE.
u - a scroll labelled CYPPAUJ FUSE You barely miss the orc.
Your headbutt misses the orc. The orc hits you but does no damage.
You closely miss the orc. Your headbutt misses the orc.
You barely miss the orc. The orc hits you but does no damage.
The orc shouts!
You sock the orc!
You kill the orc!
Your base Maces & Flails skill increases to level 3!
You have reached level 4!
You feel stronger.
You thump the orc!
You kill the orc!
The orc priest looks encouraged for a moment.
You sock the orc!
You kill the orc!
The orc priest mumbles some strange prayers to Beogh against you.
Beogh smites you!
The orc priest calls down the wrath of Beogh upon you.
Beogh smites you!
You are too injured to fight recklessly!
The orc priest invokes the aid of Beogh against you.
Beogh smites you!
* * * LOW HITPOINT WARNING * * *
Items here: $ )) †.
You hit the orc priest but do no damage.
You headbutt the orc priest.
The orc priest is moderately wounded.
The orc priest casts a cantrip, but nothing happens.
The orc hits you but does no damage.
You thump the orc priest! Your headbutt misses the orc priest.
The orc priest is severely wounded.
The orc priest invokes the aid of Beogh against you.
Pain shoots through your body!
You die...

#...≈≈≈≈~~~≈~~.###
#..~~≈≈≈~≈≈≈~....# .#
#..~~≈~~≈≈~~..# .#
#~≈.....~.~~~.# .#
#.~†~~~~~.....# .#
##.##.####..### .#
#.##.# #..## .#
####.##.# #oo.#
.####....##.# #@#.##.#
......#..##.# #.)..[.#
#####....##...........#
# ##.#.#########.##.# #
#.#.# .# .# # #.... .#
# # ....## ## #####


You could see an orc priest and an orc.

Vanquished Creatures
  2 adders
  2 worms
  A dart slug (D:1)
  3 orcs (D:3)
  6 ball pythons
  2 bats (D:2)
  5 endoplasms
  2 goblins (D:2)
  4 hobgoblins
  7 jackals
  A quokka (D:3)
  2 frilled lizards (D:2)
  A kobold (D:2)
  2 rats
40 creatures vanquished.

Vanquished Creatures (others)
  3 plants (D:2)
3 creatures vanquished.

Grand Total: 43 creatures vanquished

Notes
Turn   | Place    | Note
-------+----------+-------------------------------------------
     0 | D:1      | Plasmagod the Minotaur Fighter began the quest for the Orb.
     0 | D:1      | Reached XP level 1. HP: 19/19 MP: 0/0
   205 | D:1      | Reached skill level 3 in Axes
   208 | D:1      | Reached XP level 2. HP: 22/26 MP: 1/1
   953 | D:2      | Reached skill level 4 in Axes
   962 | D:2      | Identified the +6 mace of Distraction {pain, rCorr}
  1216 | D:2      | Reached XP level 3. HP: 31/31 MP: 2/2
  1218 | D:2      | Reached skill level 1 in Maces & Flails
  1620 | D:3      | Found Kaqevouc's Distillery.
  1796 | D:3      | Found a faded altar of an unknown god.
  1820 | D:3      | Reached XP level 4. HP: 39/39 MP: 3/3
  1824 | D:3      | Killed from afar by an orc priest

Illustrated notes

Levels and vault maps discovered:
D:1:      roderic_dead_forest, layout_loops_ring, grunt_decor_cap
D:2:      kennysheep_big_flooded_room, layout_loops_ring, hangedman_glass_garden
D:3:      layout_loops_ring, serial_shops, shop,
          chequers_ecumenical_altar_island

Skill      XL: |  1  2  3 |
---------------+----------+-----
Axes           | 3 4 |  4.1
Maces & Flails | 3 |  3.1
Fighting       | |  3.6
Armour         | |  3.6
Shields        | |  3.6

Action                   |  1- 3 |  4- 6 || total
-------------------------+-------+-------++-------
Melee: War axe           |    28 |       ||    28
       Headbutt          |     6 |     1 ||     7
       Mace              |    41 |     4 ||    45
Armor: Scale mail        |    24 |     1 ||    25
Dodge: Dodged            |    31 |       ||    31
Block: Buckler           |    11 |       ||    11

Table legend: (Time is in decaauts)
 A = Elapsed time spent in this place.
 B = Non-inter-level travel time spent in this place.
 C = Inter-level travel time spent in this place.
 D = Time resting spent in this place.
 E = Time spent auto-exploring this place.
 F = Levels seen in this place.
 G = Mean time per level.
                   A        B        C        D        E       F      G
               +--------+--------+--------+--------+--------+-----+--------+
         Total |   1851 |   1844 |      7 |      0 |   1603 |   3 |  617.0 |
       Dungeon |   1851 |   1844 |      7 |      0 |   1603 |   3 |  617.0 |
               +--------+--------+--------+--------+--------+-----+--------+

Top non-repeatable levels by time:
     D:1: 854 daAuts
     D:2: 736 daAuts
     D:3: 261 daAuts
